 Dungeon Crawl Stone Soup version 0.27-a0-994-g5030419646 (webtiles) character file.

Game seed: 13522179632622474552

182960 Morbidden the Thaumaturge (level 17, -8/324 HPs)
             Began as a Red Draconian Venom Mage on Apr 15, 2021.
             Was a High Priest of Vehumet.
             Mangled by a saltling (15 damage)
             ... in the Desolation of Salt on Apr 16, 2021.
             The game lasted 01:32:55 (46866 turns).

Morbidden the Thaumaturge (DrVM)                   Turns: 46866, Time: 01:32:55

Health: -8/324     AC: 27    Str: 21    XL:     17   Next: 72%
Magic:  38/38      EV:  8    Int: 20    God:    Vehumet [*****.]
Gold:   3248       SH:  0    Dex: 14    Spells: 7/44 levels left

rFire    + + .     SeeInvis .     - Unarmed
rCold    x . .     Faith    .   (shield currently unavailable)
rNeg     . . .     Spirit   .   (armour unavailable)
rPois    +         Reflect  .   (helmet currently unavailable)
rElec    .         Harm     .   (cloak currently unavailable)
rCorr    .         Rampage  .   (gloves currently unavailable)
Will     +....                  (boots currently unavailable)
Stlth    ..........             W - amulet of magic regeneration
HPRegen  0.64/turn              e - +4 ring of protection
MPRegen  0.51/turn              C - +4 ring of protection

@: berserking, short of breath, dragon-form (expiring), flying, very quick
A: dragon claw, dragon scales, flying, boosted hp, breathe fire, AC +9, giant,
unfitting armour, (fire resistance 1), (cold-blooded), (antennae 1), high mp 1,
evolution 1
a: Breathe Fire, End Transformation, Renounce Religion


You were in the Desolation of Salt.
You worshipped Vehumet.
Vehumet was extremely pleased with you.
You were a fearsome fire dragon!
You visited 6 branches of the dungeon, and saw 26 of its levels.
You also visited: Ossuary, Ice Cave and Desolation.

You collected 4600 gold pieces.
You spent 1352 gold pieces at shops.

Inventory:

Hand Weapons
 a - a +3 short sword of electrocution (melded)
 b - a +3 scimitar of flaming
Missiles
 G - 7 curare-tipped darts (quivered)
 O - a throwing net
Armour
 x - a +2 pair of boots (melded)
 Q - a +1 cloak (melded)
Magical Staves
 v - a staff of poison
Jewellery
 e - a +4 ring of protection (left foreclaw)
 C - a +4 ring of protection (right foreclaw)
 T - a ring of protection from cold
 U - a ring of protection from cold
 W - an amulet of magic regeneration (around neck)
 X - the ring "Xeshroac" {rF+ Will+ rCorr Int+6}
   (You found it on level 3 of the Lair of Beasts)

   [ring of intelligence]

   It affects your intelligence (+6).
   It protects you from fire.
   It protects you from acid and corrosion.
   It increases your willpower.
Wands
 h - a wand of flame (46)
 i - a wand of paralysis (6)
 o - a wand of mindburst (16)
 w - a wand of digging (16)
 y - a wand of charming (10)
 z - a wand of acid (9)
 J - a wand of polymorph (12)
 V - a wand of iceblast (30)
Scrolls
 c - 3 scrolls of fear
 g - 2 scrolls of holy word
 r - 3 scrolls of fog
 t - 3 scrolls of immolation
 u - 4 scrolls of amnesia
 B - 2 scrolls of torment
 D - 4 scrolls of enchant weapon
 E - 15 scrolls of identify
 K - 3 scrolls of teleportation
 N - 3 scrolls of brand weapon
 S - a scroll of enchant armour
Potions
 d - 7 potions of curing
 f - 2 potions of resistance
 j - 5 potions of haste
 l - 6 potions of might
 m - 3 potions of mutation
 p - a potion of magic
 q - a potion of brilliance
 s - 4 potions of lignification
 A - 2 potions of ambrosia
 F - 5 potions of flight
 L - 3 potions of invisibility
 Z - a potion of cancellation
Miscellaneous
 H - a piece from Xom's chessboard (15/15)
 R - a box of beasts


   Skills:
 * Level 11.4 Fighting
 + Level 5.3 Short Blades
 + Level 0.2 Staves
 + Level 1.3 Throwing
 + Level 7.9 Dodging
 + Level 4.1 Stealth
 + Level 9.0 Unarmed Combat
 + Level 14.1 Spellcasting
 + Level 5.4 Conjurations
 * Level 11.4 Transmutations
 + Level 6.2 Fire Magic
 - Level 10.1 Air Magic
 + Level 4.1 Earth Magic
 + Level 10.4 Poison Magic
 + Level 8.1 Evocations


You had 7 spell levels left.
You knew the following spells:

 Your Spells              Type           Power      Damage    Failure   Level
a - Airstrike             Air            26%        N/A       1%          4
b - Poisonous Vapours     Pois/Air       100%       N/A       1%          2
c - Olgreb's Toxic Radia  Pois           54%        N/A       1%          4
d - Ignite Poison         Fire/Tmut/Pois 51%        N/A       1%          3
e - Iron Shot             Conj/Erth      16%        9d4       24%         6
f - Sting                 Tmut/Pois      100%       1d8       1%          1
g - Dragon Form           Tmut           28%        N/A       34%         7
r - Irradiate             Conj/Tmut      23%        3d21      1%          5
z - Bolt of Magma         Conj/Fire/Erth 17%        4d9       4%          5

Your spell library contained the following spells:

 Spells                   Type           Power      Damage    Failure   Level
 Yara's Violent Unravell  Hex/Tmut       18%        3d9       3%          5
 Beastly Appendage        Tmut           100%       N/A       1%          1
 Wereblood                Tmut           56%        N/A       1%          2
 Mephitic Cloud           Conj/Pois/Air  48%        N/A       1%          3
 Spider Form              Tmut/Pois      27%        N/A       1%          3
 Hydra Form               Tmut           28%        N/A       1%          5
 Animate Skeleton         Necr           28%        N/A       4%          1
 Pain                     Necr           56%        1d6       4%          1
 Ice Form                 Ice/Tmut       36%        N/A       4%          4
 Blade Hands              Tmut           28%        N/A       6%          6
 Vampiric Draining        Necr           7%         2d7       14%         3
 Statue Form              Tmut/Erth      30%        N/A       28%         6
 Animate Dead             Necr           7%         N/A       41%         4
 Agony                    Necr           14%        N/A       77%         5
 Chain Lightning          Conj/Air       22%        N/A       95%         8
 Lehudib's Crystal Spear  Conj/Erth      16%        10d5      100%        8
 Absolute Zero            Ice            7%         ∞         100%        9
 Fire Storm               Conj/Fire      18%        8d5       100%        9


Dungeon Overview and Level Annotations

Branches:
Dungeon (15/15)            Temple (0/1) D:7            Lair (6/6) D:9
 Shoals (1/4) Lair:2        Snake (1/4) Lair:4        Slime (0/5) Lair:5
    Orc (2/2) D:12            Elf (1/3) Orc:2        Vaults (0/5) D:13
 Depths (0/5) D:15        Ossuary (visited)           IceCv (visited)
Desolation (1/1)

Altars:
Ashenzari
Cheibriados
Elyvilon
Gozag
Hepliaklqana
Kikubaaqudgha
Makhleb
Nemelex Xobeh
Sif Muna
Trog
Uskayaw
Vehumet
Wu Jian
Yredelemnul
The Shining One
Beogh

Shops:
D:1 ?   D:5 [   Orc:1 !   Orc:2 ([?=

Portals:
Trove: D:14 (show slimy rune of Zot)

Annotations:
D:7 2 transporters, 1 runed translucent door, Crazy Yiuf
D:9 exclusion: door
D:11 2 transporters, Morbidden's ghost, journeyman VSBr
D:13 2 runed translucent doors, Froggeryz's ghost, journeyman DgTm
D:15 Roxanne
Lair:5 exclusion: 3 oklob plants
Orc:1 3 runed translucent doors, exclusion: obsidian statue, Gilaun's ghost, adept DsIE


Innate Abilities, Weirdness & Mutations

You are a fearsome fire dragon!
You have a powerful clawing attack.
Your giant scaled body is strong and resiliant, but less evasive.
Your breath weapon is enhanced in this form.
You are flying.
Your maximum health is greatly increased.
Your armour is entirely melded.
You are incapable of wielding weapons or throwing items.
You can breathe blasts of fire.
Your fiery red scales are hard. (AC +9)
You cannot fit into any form of body armour.
((Your flesh is heat resistant. (rF+)))
((You are cold-blooded and may be slowed by cold attacks.))
((You have a pair of small antennae on your head.))
You have an increased reservoir of magic. (+10% MP)
You evolve.


Message History

* * * LOW HITPOINT WARNING * * *
The saltling hits you but does no damage.
Unknown command.
Unknown command.
Unknown command.
Unknown command.
Unknown command.
You maul the guardian serpent!!!
The guardian serpent is almost dead.
The guardian serpent casts a spell at you.
You easily resist.
The ragged hierophant hits you but does no damage.
The saltling hits you but does no damage. x2
The guardian serpent hits you!
* * * LOW HITPOINT WARNING * * *
Unknown command.
Unknown command.
Unknown command.
Unknown command.
You barely miss the guardian serpent.
The guardian serpent is almost dead.
The saltling no longer looks unusually strong.
The saltling hits you.
* * * LOW HITPOINT WARNING * * *
Unknown command.
Unknown command.
Unknown command.
You maul the guardian serpent!!!!
You kill the guardian serpent!
Vehumet accepts your kill. The guardian serpent barely misses you.
The saltling closely misses you.
The saltling hits you but does no damage.
The ragged hierophant hits you but does no damage.
Unknown command.
Unknown command.
You barely miss the ragged hierophant.
Your tail-slap misses the ragged hierophant.
The ragged hierophant is heavily wounded.
The saltling hits you!
You die...

.......§.§§§.8#...)=.#..§§§§#####
......§§.§§§§§#.)).[8#§.§§§.#####
....§.§§.§§§..########§§§§§.#####
...§§§§§§§§§........§§§§§§§§#####
.#.§§.§§§§§§§§......§§§§§.§.#####
..##§..§§§§§§§§§.§§§§§§§§§§.#####
.§ §.§.§§§§§§§§.§§§§.#§§§§§§#####
§...§§.§.§§§§8S..§§§§.§§§§#####
....§...§§§§§§8Da§.§§..§§§§#####
§§..§§###§§§§###8.§.§§.§. §#####
§§ :§§.....#§§.§§.§§...#####
#...##...#§...§.....8##### #.§.
...)#.§§§...§S.S##### #...
....#§§§§§§.§ §8## #..
.....#§§§§§..§ .## ....)#..§...§
.##...#


You could see a ragged hierophant, a guardian serpent (sheltered) and 3
saltlings.

Vanquished Creatures
  Jorgrun (D:14)
  Rupert (D:13)
  A frost giant (IceCv)
  2 imperial myrmidons (Desolation)
  An orc warlord (Orc:2)
  5 dire elephants (Lair:6)
  2 halazid warlocks (Desolation)
  3 crystal guardians (Desolation)
  Josephine (D:10)
  7 servants of whispers (Desolation)
  5 ragged hierophants
  6 peacekeepers (Desolation)
  Erolcha (Orc:2)
  A boulder beetle (Lair:4)
  2 centaur warriors (D:15)
  4 anacondas
  15 hydras
  Erica (Lair:1)
  A tengu warrior (D:14)
  7 two-headed ogres
  A vampire mage (D:15)
  6 death yaks
  An orc high priest (Orc:2)
  2 naga sharpshooters (Snake:1)
  2 deep elf knights (Elf:1)
  4 skeletal warriors (D:15)
  A deep elf archer (Elf:1)
  A wizard (D:13)
  Pikel (D:7)
  A necromancer (D:15)
  2 ironbound convokers (Desolation)
  4 deep elf pyromancers
  3 oklob plants (Lair:5)
  3 cyclopes
  A mana viper (Snake:1)
  4 deep elf zephyrmancers (Elf:1)
  A stone giant zombie (D:15)
  2 orc sorcerers (Orc:2)
  3 ugly things
  A salamander (Snake:1)
  4 manticores
  A naga mage (Snake:1)
  3 guardian serpents (Desolation)
  20 elephants
  2 black mambas
  An ice statue (IceCv)
  A frost giant skeleton (D:15)
  3 torpor snails (Lair:4)
  2 gargoyles
  A spriggan zombie (D:15)
  9 cane toads
  16 rime drakes
  Maggie (D:6)
  An unseen horror (D:11)
  A freezing wraith (D:14)
  An efreet (D:15)
  A kobold demonologist (D:14)
  14 komodo dragons
  3 meliai (D:14)
  4 trolls
  22 polar bears
  Grinder (D:3)
  10 blink frogs
  A hornet (D:7)
  9 slime creatures
  42 saltlings
  6 dream sheep (Lair:4)
  A blink frog (shapeshifter) (D:13)
  2 vampires
  A spriggan (shapeshifter) (D:13)
  2 shadows
  An ice dragon skeleton (D:15)
  5 wyverns
  4 wraiths
  3 water elementals
  32 yaks
  6 vampire mosquitoes
  8 basilisks
  4 nagas
  2 wargs (Orc:2)
  3 acid dragons
  17 water moccasins
  Duvessa (D:6)
  31 orc warriors
  10 ice beasts
  3 black bears
  6 ogres
  16 centaurs
  A necrophage (D:6)
  37 wolves
  A lemure (D:7)
  2 phantoms
  2 elf zombies (Ossuary)
  4 kobold brigands
  11 bullfrogs
  2 water moccasin zombies (D:5)
  Dowan (D:6)
  2 gnoll sergeants
  A wyvern skeleton (D:6)
  A hornet simulacrum (D:14)
  4 killer bees (D:10)
  3 electric eels
  3 wights (D:8)
  5 howler monkeys
  7 crimson imps (D:10)
  11 centaur zombies
  A human zombie (Ossuary)
  A bullfrog zombie (D:6)
  A bullfrog skeleton (D:5)
  5 hounds
  19 orc priests
  2 iguanas
  2 centaur skeletons
  25 orc wizards
  10 hell rats
  A killer bee zombie (D:7)
  2 mummies (Ossuary)
  Robin (D:1)
  A howler monkey zombie (D:5)
  8 gnolls
  7 adders
  4 river rats (D:9)
  5 white imps
  An adder skeleton (D:4)
  2 worms
  A dart slug (D:4)
  81 orcs
  4 endoplasms
  3 giant cockroaches
  12 goblins
  9 hobgoblins
  13 jackals
  7 quokkas
  2 ball pythons (D:3)
  7 bats
  5 frilled lizards
  9 hobgoblin zombies (Ossuary)
  A jackal zombie (Ossuary)
  23 kobolds
  10 kobold zombies (Ossuary)
  8 orc zombies (Ossuary)
  3 rats (D:1)
  4 rat zombies (Ossuary)
  A butterfly (D:7)
848 creatures vanquished.

Vanquished Creatures (collateral kills)
  A skeletal warrior (D:15)
  A guardian mummy (D:15)
2 creatures vanquished.

Vanquished Creatures (others)
  A polar bear (IceCv)
  A saltling (Desolation)
  A water moccasin (Lair:6)
  An orc warrior (Orc:2)
  2 hell rats (Lair:6)
  81 fungi
  A pillar of salt (Desolation)
  113 plants
  7 withered plants
208 creatures vanquished.

Grand Total: 1058 creatures vanquished

Notes
Turn   | Place    | Note
-------+----------+-------------------------------------------
     0 | D:1      | Morbidden the Draconian Venom Mage began the quest for the
                  | Orb.
     0 | D:1      | Reached XP level 1. HP: 14/14 MP: 3/3
   363 | D:1      | Found Nuzxikyi's Magic Scroll Shop.
   417 | D:1      | Reached XP level 2. HP: 22/22 MP: 0/5
   663 | D:1      | Reached skill level 1 in Fighting
  1113 | D:2      | Learned a level 2 spell: Poisonous Vapours
  1559 | D:2      | Reached XP level 3. HP: 28/28 MP: 1/6
  2044 | D:2      | Noticed Robin
  2443 | D:1      | Killed Robin
  2843 | D:2      | Reached XP level 4. HP: 35/35 MP: 1/7
  2946 | D:2      | Found a faded altar of an unknown god.
  4195 | D:3      | Noticed Grinder
  4202 | D:3      | Killed Grinder
  4203 | D:3      | Reached skill level 3 in Spellcasting
  4203 | D:3      | Reached skill level 1 in Air Magic
  4203 | D:3      | Reached XP level 5. HP: 41/41 MP: 8/10
  4203 | D:3      | Reached XP level 6. HP: 48/48 MP: 8/11
  4429 | D:4      | Found a radiant altar of Vehumet.
  4503 | D:4      | Became a worshipper of Vehumet
  5213 | D:4      | Found a hazy altar of Hepliaklqana.
  5328 | D:5      | Entered Level 5 of the Dungeon
  5367 | D:5      | Found Revod's Antique Armour Boutique.
  5421 | D:5      | Reached skill level 4 in Spellcasting
  5421 | D:5      | Your scales start taking on a fiery red colour.
  5421 | D:5      | Reached XP level 7. HP: 56/56 MP: 9/13
  5421 | D:5      | Gained mutation: Your flesh is heat resistant. (rF+) [Red
                  | Draconian growth]
  5492 | D:5      | Found a basalt altar of Yredelemnul.
  5830 | D:4      | Reached * piety under Vehumet
  5830 | D:4      | Offered knowledge of Shock by Vehumet.
  5831 | D:4      | Reached skill level 1 in Short Blades
  6037 | D:5      | Found a sparkling altar of Nemelex Xobeh.
  6160 | D:5      | Reached XP level 8. HP: 50/63 MP: 2/14
  6665 | D:6      | Reached skill level 5 in Poison Magic
  6729 | D:6      | Reached skill level 5 in Spellcasting
  6920 | D:6      | Found a white marble altar of Elyvilon.
  6978 | D:6      | Noticed Duvessa
  6980 | D:6      | Noticed Dowan
  6989 | D:6      | Killed Duvessa
  6996 | D:6      | Killed Dowan
  7109 | D:6      | Found a hide-covered altar of Uskayaw.
  7231 | D:6      | Noticed Maggie
  7249 | D:6      | Killed Maggie
  7250 | D:6      | Reached XP level 9. HP: 56/71 MP: 17/17
  7406 | D:6      | Learned a level 4 spell: Olgreb's Toxic Radiance
  7446 | D:6      | Learned a level 3 spell: Ignite Poison
  7479 | D:6      | Found a broken altar of Ashenzari.
  7597 | D:6      | Found a glowing golden altar of the Shining One.
  7905 | D:7      | Found a transporter.
  7920 | D:7      | Found a transporter.
  8017 | D:7      | Reached ** piety under Vehumet
  8025 | D:7      | Offered knowledge of Magic Dart by Vehumet.
  8087 | D:7      | Noticed Pikel
  8090 | D:7      | Killed Pikel
  8091 | D:7      | Reached skill level 6 in Spellcasting
  8166 | D:7      | Found a staircase to the Ecumenical Temple.
  8229 | D:7      | Reached skill level 5 in Dodging
  8244 | D:7      | Reached skill level 5 in Fighting
  8324 | D:7      | Found a burning altar of Makhleb.
  8517 | D:7      | Found a runed translucent door.
  8518 | D:7      | Noticed Crazy Yiuf
  8577 | D:7      | Noticed a troll
  8580 | D:7      | Killed a troll
  8584 | D:7      | Offered knowledge of Inner Flame by Vehumet.
  8716 | D:7      | Identified the ring "Pabrol" {Will+ Str+4}
  8791 | D:7      | Found an ornate altar of the Wu Jian Council.
  8997 | D:8      | Found a shimmering blue altar of Sif Muna.
  9080 | D:8      | Reached XP level 10. HP: 69/78 MP: 2/20
  9257 | D:8      | Found a sand-covered staircase.
  9266 | Ossuary  | Entered an ossuary
  9351 | Ossuary  | Reached *** piety under Vehumet
  9455 | Ossuary  | Offered knowledge of Dazzling Flash by Vehumet.
  9996 | D:8      | Reached skill level 1 in Evocations
 10566 | D:8      | Reached skill level 7 in Spellcasting
 10871 | D:8      | Reached skill level 1 in Fire Magic
 11070 | D:9      | Noticed a death yak
 11071 | D:9      | Noticed a death yak
 11101 | D:9      | Killed a death yak
 11101 | D:9      | Reached **** piety under Vehumet
 11389 | D:9      | Found a staircase to the Lair.
 11390 | D:9      | Noticed a death yak
 11413 | D:9      | Killed a death yak
 11427 | D:9      | Killed a death yak
 11428 | D:9      | Reached skill level 5 in Air Magic
 11689 | D:9      | Offered knowledge of Bolt of Magma by Vehumet.
 11757 | D:9      | Learned a level 5 spell: Bolt of Magma
 12191 | D:9      | Reached skill level 8 in Spellcasting
 12208 | D:9      | Noticed a naga mage
 12242 | D:9      | Noticed a two-headed ogre
 12260 | D:9      | Killed a two-headed ogre
 12261 | D:9      | Reached XP level 11. HP: 82/89 MP: 9/23
 12715 | D:10     | Entered Level 10 of the Dungeon
 12716 | D:10     | Noticed Josephine
 12716 | D:10     | Noticed a two-headed ogre
 12722 | D:10     | Killed Josephine
 12722 | D:10     | Killed a two-headed ogre
 12723 | D:10     | Reached skill level 1 in Conjurations
 12943 | D:10     | Found an ancient bone altar of Kikubaaqudgha.
 13258 | D:10     | Reached skill level 9 in Spellcasting
 13458 | D:10     | Found Ekofat Sebb's Elemental Accessories.
 13519 | D:10     | Reached ***** piety under Vehumet
 13534 | D:10     | Offered knowledge of Airstrike by Vehumet.
 13957 | D:11     | Noticed a two-headed ogre
 13961 | D:11     | Killed a two-headed ogre
 14061 | D:11     | Noticed a two-headed ogre
 14074 | D:11     | Noticed Morbidden's ghost (journeyman VSBr)
 14079 | D:11     | Noticed a tengu warrior
 14302 | D:11     | Found a transporter.
 14308 | D:11     | Found a bloodstained altar of Trog.
 14322 | D:11     | Found a transporter.
 14359 | D:11     | Noticed a cyan ugly thing
 14368 | D:11     | Killed a cyan ugly thing
 15171 | D:11     | Reached XP level 12. HP: 92/97 MP: 25/25
 15178 | D:11     | Found a basalt altar of Yredelemnul.
 15398 | D:11     | Learned a level 4 spell: Airstrike
 15517 | D:11     | Reached skill level 1 in Earth Magic
 15910 | D:12     | Noticed a two-headed ogre
 15918 | D:12     | Killed a two-headed ogre
 16136 | D:12     | Found a staircase to the Orcish Mines.
 16147 | D:12     | Noticed a five-headed hydra
 16154 | D:12     | Killed a five-headed hydra
 16206 | D:12     | Noticed a two-headed ogre
 16210 | D:12     | Killed a two-headed ogre
 17077 | D:13     | Reached skill level 5 in Transmutations
 17104 | D:13     | Noticed an eight-headed hydra
 17294 | D:13     | Noticed a two-headed ogre
 17305 | D:13     | Killed a two-headed ogre
 17306 | D:13     | Reached skill level 10 in Spellcasting
 17868 | D:13     | Noticed Froggeryz's ghost (journeyman DgTm)
 17868 | D:13     | Noticed a lich
 17869 | D:13     | Noticed a sphinx
 17898 | D:13     | Noticed a sphinx
 17921 | D:13     | Noticed a seven-headed hydra
 17933 | D:13     | Reached skill level 1 in Unarmed Combat
 18235 | D:13     | Killed a seven-headed hydra
 18332 | D:13     | Identified the +1 quarterstaff of Focus {chaos, rElec Will+
                  | Str+4 Stlth-}
 18852 | D:13     | Noticed Rupert
 18905 | D:13     | Noticed a two-headed ogre
 18920 | D:13     | Killed a two-headed ogre
 18925 | D:13     | Found a gate to the Vaults.
 19322 | Lair:1   | Entered Level 1 of the Lair of Beasts
 19977 | Lair:1   | Noticed Erica
 19987 | Lair:1   | Killed Erica
 20777 | Lair:2   | Gained mutation: You are clumsy. (Dex -2) [potion of
                  | mutation]
 20777 | Lair:2   | Gained mutation: You evolve. [potion of mutation]
 20867 | Lair:2   | Found a frozen archway.
 20871 | Lair:2   | Reached XP level 13. HP: 107/107 MP: 16/27
 20888 | Lair:2   | Reached skill level 5 in Evocations
 20952 | IceCv    | Entered an ice cave
 21207 | IceCv    | Upgraded the game from 0.27-a0-984-g00e00afbbc to
                  | 0.27-a0-994-g5030419646
 21596 | IceCv    | Reached skill level 5 in Short Blades
 22518 | IceCv    | Reached skill level 11 in Spellcasting
 22719 | IceCv    | Noticed a frost giant
 22731 | IceCv    | Killed a frost giant
 23516 | Lair:2   | Found a staircase to the Shoals.
 24990 | Lair:3   | Identified the ring "Xeshroac" {rF+ Will+ rCorr Int+6}
 25593 | Lair:4   | Found a snail-covered altar of Cheibriados.
 26423 | Lair:4   | Offered knowledge of Freezing Cloud by Vehumet.
 26824 | Lair:4   | Reached XP level 14. HP: 91/118 MP: 6/29
 27351 | Lair:4   | Reached skill level 12 in Spellcasting
 27704 | Lair:4   | Found a staircase to the Snake Pit.
 29807 | Lair:5   | Found a staircase to the Slime Pits.
 30649 | Lair:5   | Identified the +9 hunting sling of Dust {venom, *Corrode
                  | rC+ Str+4 Int+3}
 30754 | Lair:5   | Gained mutation: You have an increased reservoir of magic.
                  | (+10% MP) [evolution]
 31651 | Lair:6   | Entered Level 6 of the Lair of Beasts
 31776 | Lair:6   | Reached skill level 5 in Fire Magic
 31917 | Lair:6   | Offered knowledge of Iron Shot by Vehumet.
 31924 | Lair:6   | Learned a level 5 spell: Irradiate
 31947 | Lair:6   | Reached skill level 10 in Poison Magic
 32190 | Lair:6   | Reached skill level 10 in Fighting
 32378 | Lair:6   | Reached skill level 13 in Spellcasting
 32461 | Lair:6   | Reached XP level 15. HP: 82/126 MP: 14/35
 32933 | Lair:6   | Learned a level 6 spell: Iron Shot
 33385 | Lair:6   | Reached skill level 5 in Unarmed Combat
 34942 | Orc:1    | Entered Level 1 of the Orcish Mines
 34995 | Orc:1    | Found Dinut's Distillery.
 35196 | Orc:1    | Found a runed translucent gate.
 35198 | Orc:1    | Found a runed translucent gate.
 35199 | Orc:1    | Found a runed translucent gate.
 35204 | Orc:1    | Found an opulent altar of Gozag.
 35207 | Orc:1    | Noticed Gilaun's ghost (adept DsIE)
 35215 | Orc:1    | Found a burning altar of Makhleb.
 35448 | Orc:1    | Learned a level 7 spell: Dragon Form
 35621 | Orc:2    | Entered Level 2 of the Orcish Mines
 35630 | Orc:2    | Noticed Erolcha
 35635 | Orc:2    | Killed Erolcha
 35919 | Orc:2    | Found a staircase to the Elven Halls.
 36187 | Orc:2    | Found Zudeom's Magic Scroll Emporium.
 36783 | Orc:2    | Offered knowledge of Ozocubu's Refrigeration by Vehumet.
 36789 | Orc:2    | Found Teineh's Antique Armour Shoppe.
 36823 | Orc:2    | Found Gasoemm's Antique Weapon Emporium.
 36866 | Orc:2    | Noticed an orc warlord
 36891 | Orc:2    | Killed an orc warlord
 37156 | Orc:2    | Gained mutation: You have a pair of small antennae on your
                  | head. [evolution]
 37265 | Orc:2    | Found Doasm's Jewellery Boutique.
 37580 | D:1      | Bought a scroll of acquirement for 676 gold pieces
 37580 | D:1      | Bought a scroll of acquirement for 676 gold pieces
 37581 | D:1      | Acquired 747 gold pieces
 37583 | D:1      | Acquired 1192 gold pieces
 37918 | D:13     | Found a runed translucent door.
 37918 | D:13     | Found a runed translucent door.
 38055 | D:13     | Killed Rupert
 38056 | D:13     | Reached skill level 1 in Throwing
 38600 | D:14     | Noticed Jorgrun
 38610 | D:14     | Killed Jorgrun
 38974 | D:14     | Found a portal to a secret trove of treasure.
 39018 | D:14     | Reached skill level 5 in Conjurations
 39703 | D:15     | Entered Level 15 of the Dungeon
 40585 | D:15     | Identified Roxanne's Papyrus of the Mountains
 40585 | D:15     | Noticed Roxanne
 40593 | D:15     | Found a staircase to the Depths.
 41721 | D:10     | Lost mutation: You are clumsy. (Dex -2) [evolution]
 41882 | Snake:1  | Entered Level 1 of the Snake Pit
 42246 | Snake:1  | Reached XP level 16. HP: 55/136 MP: 12/37
 42589 | Snake:1  | HP: 4/136 [naga sharpshooter/arrow (18)]
 42925 | Shoals:1 | Entered Level 1 of the Shoals
 43428 | Elf:1    | Entered Level 1 of the Elven Halls
 43712 | Elf:1    | Offered knowledge of Yara's Violent Unravelling by Vehumet.
 43742 | Elf:1    | Found a ruined gateway.
 43760 | Desolati | Entered the Desolation of Salt
 44219 | Desolati | Reached skill level 10 in Transmutations
 44219 | Desolati | Reached XP level 17. HP: 144/144 MP: 38/38
 44581 | Desolati | Reached skill level 10 in Air Magic
 44746 | Desolati | Reached skill level 14 in Spellcasting
 45458 | Desolati | Identified the +4 rapier of Proximity {venom, +Rage rPois
                  | Str-3}
 45885 | Desolati | Identified the +5 halberd of Ygruella {vorpal, rF+ Int+4}
 46120 | Desolati | Identified the +7 scythe of the Glowing Traitor {distort,
                  | rElec rC+}
 46480 | Desolati | Identified the +4 flail of Growth {pain, *Corrode +Blink
                  | rElec Dex+6}
 46863 | Desolati | HP: 8/324 [guardian serpent (11)]
 46866 | Desolati | Mangled by a saltling

Illustrated notes

Levels and vault maps discovered:
D:1:      dpeg_arrival_subterranean_lakeside_camping, layout_rooms,
          serial_shops, shop, serial_bayou_lagoon_a
D:2:      layout_basic, shapermc_ecumenical_altar_notcrosses, uniq_robin
D:3:      layout_basic, uniq_grinder
D:4:      layout_loops_ring, lemuel_coloured_pillars_altar,
          nicolae_vehumet_altar_sigil
D:5:      layout_basic, overflow_temple_1_default, lemuel_doored_altar,
          serial_shops, nicolae_shop_overgrown_old_shop
D:6:      layout_loops_ring, nicolae_overflow_hidden_temple, lemuel_round_altar,
          overflow_temple_1_default, old_standard_altar, uniq_maggie,
          uniq_duvessa
D:7:      gammafunk_steamed_eel, layout_basic, makhleb_heckhound_becter,
          nzn_wu_jian_council_hall, minmay_temple_entry_butterflies,
          uniq_crazy_yiuf_cottage, uniq_pikel
D:8:      layout_layer_cave, nicolae_sif_muna_condensation, enter_ossuary_1,
          grunt_ministairs_2
D:9:      layout_basic, dpeg_lair_monsters, st_stairs_14, minmay_librarian
D:10:     layout_basic, nicolae_overflow_crystal_walls, nicolae_elemental_shop,
          skrybe_limestone_x, minmay_nine_imps, uniq_josephine
D:11:     layout_roguey, gammafunk_ghost_wrathful_warriors, serial_bayou_pond_c,
          lemuel_zombie_altar_yredelemnul
D:12:     layout_roguey, orc_0_dummy
D:13:     layout_layer_cave, david_vaults_1, muffindrake_ghost_dual_entry,
          uniq_rupert
D:14:     layout_loops_ring, enter_trove_0, serial_bayou_pond_e,
          kennysheep_generic_room_2, uniq_jorgrun
D:15:     gammafunk_depths_entry_grave, layout_small_grid,
          chequers_serial_rivers_room_a, uniq_roxanne
Lair:1:   layout_layer_cave, infiniplex_staircase_pool_2, grunt_megastairs_3,
          serial_bayou_shore_a, uniq_erica
Lair:2:   layout_cellular_growth, minmay_shoals_entry_centaurs,
          portal_ice_cave_entry_ice_beasts, chequers_serial_rivers_large_b
Lair:3:   layout_concentric_octagons, serial_bayou_shore_b
Lair:4:   layout_misc_corridors, minmay_snake_entry_guardpost_small,
          serial_bayou_pond_a, chequers_serial_rivers_large_a,
          kennysheep_snail_temple
Lair:5:   layout_roguey [special_room_mythical_zoo],
          minmay_slime_entry_oklob_open
Lair:6:   due_jungle_book, layout_regular_city, lemuel_old_faithful
Shoals:1: layout_shoals, nicolae_shoals_flooded_hall
Snake:1:  layout_chambers
Orc:1:    layout_diamond_mine, basic_altar, serial_shops,
          nicolae_shop_behind_doors, ebering_ghost_gozag, lemuel_statue_altar,
          nicolae_orc_sculptors_studio, guppyfry_library_mini
Orc:2:    grunt_orc_community_town_hall, layout_diamond_mine,
          grunt_orc_community_big_house_1, grunt_orc_community_big_house_2,
          grunt_orc_community_house_1, grunt_orc_community_house_2,
          grunt_orc_community_house_1, grunt_orc_community_house_2,
          mines1_david, uniq_erolcha
Elf:1:    eino_elf_arrival_sip, layout_geoelf_octagon,
          portal_desolation_entry_nicolae_nacl, special_room
          [special_room_mythical_zoo], minmay_elf_annihilation
Desolation

Skill      XL: |  1  2  3  4  5  6  7  8  9 10 11 12 13 14 15 16 17 |
---------------+----------------------------------------------------+-----
Dodging        | 2 3 4 5 6 7 |  7.9
Fighting       | 1 2 3 4 5 6 7 8 9 10 11 | 11.4
Transmutations | 2 3 4 5 6 7 9 10 11 | 11.4
Stealth        | 2 3 4 |  4.1
Spellcasting   | 3 4 5 6 8 9 10 11 13 14 | 14.1
Air Magic      | 1 2 3 4 5 6 7 8 9 10 | 10.1
Poison Magic   | 4 5 7 8 9 10 | 10.4
Short Blades   | 1 2 3 4 5 |  5.3
Evocations     | 2 4 5 7 8 |  8.1
Fire Magic     | 1 2 3 4 5 6 |  6.2
Conjurations   | 2 3 4 5 |  5.4
Earth Magic    | 3 4 |  4.1
Unarmed Combat | 1 3 4 6 9 |  9.0
Throwing       | 1 |  1.3
Staves         | |  0.2

Action                   |  1- 3 |  4- 6 |  7- 9 | 10-12 | 13-15 | 16-18 || total
-------------------------+-------+-------+-------+-------+-------+-------++-------
Melee: Unarmed           |    55 |       |       |       |       |   141 ||   196
       Tailslap          |     5 |     6 |    14 |    58 |    58 |    14 ||   155
       Dagger            |       |    38 |   141 |   123 |       |       ||   302
       Staff             |       |       |    18 |    27 |       |       ||    45
       Short sword       |       |       |       |   245 |   405 |    33 ||   683
       Punch             |       |       |       |     1 |     3 |     9 ||    13
       Bite              |       |       |       |       |       |    16 ||    16
Throw: Dart              |       |       |       |    12 |    12 |     4 ||    28
 Cast: Sting             |    78 |    54 |    47 |     9 |     1 |       ||   189
       Poisonous Vapours |       |    16 |    39 |    28 |     3 |       ||    86
       Olgreb's Toxic Ra |       |       |     9 |    55 |   106 |     9 ||   179
       Ignite Poison     |       |       |     9 |    37 |    54 |     4 ||   104
       Airstrike         |       |       |       |    93 |   521 |    90 ||   704
       Bolt of Magma     |       |       |       |       |    98 |     3 ||   101
       Irradiate         |       |       |       |       |     3 |     2 ||     5
       Iron Shot         |       |       |       |       |       |     1 ||     1
       Dragon Form       |       |       |       |       |       |     9 ||     9
 Abil: Breathe Fire      |       |       |    13 |    28 |    29 |    13 ||    83
       Evoke Invisibilit |       |       |       |     1 |       |       ||     1
Evoke: Wand              |       |     1 |       |    10 |     1 |     1 ||    13
       Box of beasts     |       |       |       |     1 |     1 |       ||     2
       Piece from Xom's  |       |       |       |       |     1 |       ||     1
  Use: Scroll            |       |     2 |     8 |    13 |     6 |     8 ||    37
       Potion            |       |       |       |     8 |     1 |     9 ||    18
 Stab: Paralysed         |       |     4 |       |     2 |       |       ||     6
       Sleeping          |       |       |     1 |     4 |       |     1 ||     6
       Distracted        |       |       |       |       |     1 |     1 ||     2
Armor: Skin              |    44 |    19 |   100 |   231 |   227 |   137 ||   758
Dodge: Dodged            |    78 |    29 |   180 |   368 |   371 |    90 ||  1116

Table legend: (Time is in decaauts)
 A = Elapsed time spent in this place.
 B = Non-inter-level travel time spent in this place.
 C = Inter-level travel time spent in this place.
 D = Time resting spent in this place.
 E = Time spent auto-exploring this place.
 F = Levels seen in this place.
 G = Mean time per level.
                   A        B        C        D        E       F      G
               +--------+--------+--------+--------+--------+-----+--------+
         Total |  46927 |  44462 |   2465 |   8760 |  29792 |  29 | 1618.2 |
       Dungeon |  23353 |  21593 |   1760 |   3601 |  14969 |  15 | 1556.9 |
          Lair |  14458 |  13885 |    573 |   1924 |  10667 |   6 | 2409.7 |
        Shoals |      4 |      4 |      0 |      0 |      0 |   1 |    4.0 |
     Snake Pit |    452 |    452 |      0 |      7 |    344 |   1 |  452.0 |
  Orcish Mines |   2415 |   2284 |    131 |    162 |   1760 |   2 | 1207.5 |
   Elven Halls |    335 |    335 |      0 |      0 |    170 |   1 |  335.0 |
       Ossuary |    540 |    540 |      0 |    261 |    120 |   1 |  540.0 |
      Ice Cave |   2259 |   2259 |      0 |    872 |   1082 |   1 | 2259.0 |
    Desolation |   3109 |   3109 |      0 |   1931 |    679 |   1 | 3109.0 |
               +--------+--------+--------+--------+--------+-----+--------+

Top non-repeatable levels by time:
  Lair:4: 3800 daAuts
Desolation: 3109 daAuts
  Lair:6: 3079 daAuts
  Lair:5: 2862 daAuts
    D:13: 2280 daAuts
   IceCv: 2259 daAuts
    D:12: 2257 daAuts
     D:1: 1957 daAuts
    D:15: 1951 daAuts
     D:9: 1877 daAuts
  Lair:2: 1780 daAuts
    D:11: 1742 daAuts
  Lair:1: 1563 daAuts
   Orc:2: 1549 daAuts
     D:8: 1507 daAuts
